Pick #1

Connor Bedard
Pick #2

Leo Carlsson
Pick #3

Adam Fantilli
Pick #4

Matvei Michkov
Pick #5

David Reinbacher
Pick #6

William Smith
Pick #7

Zachary Benson
Pick #8

Ryan Leonard
Pick #9

Gabriel Perreault
Pick #10

Axel Sandin-Pellika
Pick #11

Daniil But
Pick #12

Dalibor Dvorsky
Pick #13

Quentin Musty
Pick #14

Brayden Yager
Pick #15

Dmitry Simashev
Pick #16

Colby Barlow
Pick #17

Andrew Cristall
Pick #18

Easton Cowan
Pick #19

Jacob Fowler
Pick #20

Oliver Moore
Pick #21

Oliver Bonk
Pick #22

Tom Willander
Pick #23

Calum Ritchie
Pick #24

Tanner Molendyk
Pick #25

Gavin Brindley
Pick #26

Nate Danielson
Pick #27

Pick #28

Pick #29

Pick #30

Pick #31

Pick #32

Pick #33

Pick #34

Pick #35

Pick #36

Pick #37

Pick #38

Pick #39

Pick #40

Pick #41

Pick #42

Pick #43

Pick #44

Pick #45

Pick #46

Pick #47

Pick #48

Pick #49

Pick #50

Pick #51

Pick #52

Pick #53

Pick #54

Pick #55

Pick #56

Pick #57

Pick #58

Pick #59

Pick #60

Pick #61

Pick #62

Pick #63

Pick #64

Pick #65

Pick #66

Pick #67

Pick #68

Pick #69

Pick #70

Pick #71

Pick #72

Pick #73

Pick #74

Pick #75

Pick #76

Pick #77

Pick #78

Pick #79

Pick #80

Pick #81

Pick #82

Pick #83

Pick #84

Pick #85

Pick #86

Pick #87

Pick #88

Pick #89

Pick #90

Pick #91

Pick #92

Pick #93

Pick #94

Pick #95

Pick #96

Pick #97

Pick #98

Pick #99

Pick #100

Pick #101

Pick #102

Pick #103

Pick #104

Pick #105

Pick #106

Pick #107

Pick #108

Pick #109

Pick #110

Pick #111

Pick #112

Pick #113

Pick #114

Pick #115

Pick #116

Pick #117

Pick #118

Pick #119

Pick #120

Pick #121

Pick #122

Pick #123

Pick #124

Pick #125

Pick #126

Pick #127

Pick #128

Pick #129

Pick #130

Full Scoreboard »»

Predators vs Flames

Created - February 20, 2024 at 06:26

Goals
1 2 3 T
Predators 2 1 0 3
Flames 3 1 1 5
Shots
1 2 3 T
Predators 10 9 4 23
Flames 16 5 6 27

GoalsPenalties
1st period
1. Flames , Alex Ovechkin 26 (Sebastian Aho 24, Josh Morrissey 43) at 0:26
2. Predators , J.T. Miller 11 (Kyle Connor 25, Roman Josi 37) at 4:30
3. Flames , Steven Stamkos 26 (Adam Larsson 35, Alex DeBrincat 19) at 5:36
4. Flames , John Tavares 10 (Alex Ovechkin 27, Sebastian Aho 25) at 7:52 (PP)
5. Predators , J.T. Compher 6 (Taylor Hall 19) at 19:09
Roman Josi (NSH) for Hooking (Minor) at 6:29
Adam Larsson (CGY) for Hooking (Minor) at 11:41
2nd period
6. Flames , Steven Stamkos 27 (Alex DeBrincat 20, Jared Spurgeon 37) at 10:49 (PP)
7. Predators , Tage Thompson 17 (Darnell Nurse 33, Thomas Chabot 35) at 19:25
Adam Larsson (CGY) for Tripping (Minor) at 7:33
Cal Clutterbuck (NSH) for Hooking (Minor) at 9:41
Calvin de Haan (CGY) for Hooking (Minor) at 14:54
3rd period
8. Flames , Sebastian Aho 24 (Jared Spurgeon 38, Josh Morrissey 44) at 17:46
Erik Gudbranson (CGY) for Tripping (Minor) at 1:43
Goalie Stats
Ilya Sorokin (NSH), 22 saves from 27 shots - (0.815), L, 34-12-3, 60:00 minutes
Antti Raanta (CGY), 20 saves from 23 shots - (0.870), W, 10-5-3, 60:00 minutes
3 StarsOfficial
1 - Sebastian Aho (CGY)
2 - Steven Stamkos (CGY)
3 - Alex Ovechkin (CGY)
Referees : Kenny Anderson and Frederick L'Ecuyer
Linesman : Brendan Lewis and Shaun Morgan
Game Note
No Game Note
Finance
Level 1 -- Attendance: 5328 (81.97%) -- Ticket Income $666,000
Level 2 -- Attendance: 5000 (100.00%) -- Ticket Income $375,000
Level 3 -- Attendance: 3416 (97.60%) -- Ticket Income $170,800
Level 4 -- Attendance: 2706 (82.27%) -- Ticket Income $116,358
Luxury Box -- Attendance: 1000 (100.00%) -- Ticket Income $150,000
Game was played at the Scotiabank Saddledome.
Total Attendance: 17450 (90.47%)
Total Ticket Income: $1,478,158
Other Income: $369,540
Total Income: $1,847,698



Team Name Goals Shots Shots Attemp Shots Blocked PIM HIT PP PK FO%
Predators 3234774250 / 4 (0%)244%
Flames 5274888152 / 2 (100%)056%

Predators
Player Name POS G A P +/- PIM HIT SHT SB MP PP MP PP SHT PK MP PK SHT FO% FOT
Alex TuchRW0000011018:143:4800:0000% 0
Bo HorvatC0000043017:444:0810:00047% 19
Brandon CarloD000-2021121:173:4810:1400% 0
Cal ClutterbuckRW000020108:050:0000:5100% 0
Colton SissonsC000000008:550:0001:40064% 11
Darnell NurseD0112021121:053:4810:1400% 0
Gabriel VilardiRW0000000014:160:0000:000100% 2
J.T. CompherLW1010011115:160:0001:4000% 1
J.T. MillerC1010044018:553:4820:51033% 21
Jake McCabeD0000041017:320:0002:1700% 0
Kyle ConnorLW0110002018:244:0800:0000% 0
Lucas RaymondLW0000020018:344:0800:0000% 0
Nikita ZadorovD0000011217:320:0002:1700% 0
Roman JosiD011-2204021:224:0830:0000% 0
Ryan McLeodC000000017:150:0000:000100% 1
Tage ThompsonC1010013014:260:0000:00037% 19
Taylor HallLW0110030017:243:4800:0000% 1
Thomas ChabotD0112000121:114:0800:0000% 0
Flames
Player Name POS G A P +/- PIM HIT SHT SB MP PP MP PP SHT PK MP PK SHT FO% FOT
Adam LarssonD0110442021:221:2712:0100% 0
Alex DeBrincatRW0220022017:521:0400:0000% 1
Alex OvechkinLW1122014019:521:2720:0000% 0
Calvin de HaanD000-2220017:340:0003:0300% 0
Erik GudbransonD000-2210116:040:0002:4400% 0
Esa LindellD0000000117:440:0000:1100% 0
Jakub VranaLW000-2000018:420:0004:2200% 0
Jared SpurgeonD0222001122:011:0403:5200% 0
John TavaresC1012003018:401:2710:000100% 1
Jordan EberleRW000-2002014:200:0000:00050% 2
Jordan KyrouC0000002018:151:2700:00037% 19
Jordan StaalC000-2022118:420:0004:22067% 24
Josh MorrisseyD0222000323:441:0404:0100% 0
Lawson CrouseLW000000002:161:0400:0000% 0
Pierre-Edouard BellemareLW000000003:340:0003:3400% 0
Sean KuralyC000000003:340:0003:340100% 1
Sebastian AhoC1232015118:401:2700:00060% 25
Steven StamkosC2020024019:041:0410:00050% 2



Play-by-Play

1st period


0:01 of 1st period - Sebastian Aho wins face-off versus Tage Thompson in neutral zone.
0:01 of 1st period - Josh Morrissey is hit by Lucas Raymond and loses puck.
0:26 of 1st period - Shot by Alex Ovechkin.
0:26 of 1st period - Goal by Alex Ovechkin - Predators : 0 - Flames : 1.
0:27 of 1st period - Jordan Kyrou wins face-off versus J.T. Miller in neutral zone.
0:48 of 1st period - Off-side.
0:49 of 1st period - Bo Horvat wins face-off versus Jordan Staal in neutral zone.
0:53 of 1st period - Jake McCabe is hit by Calvin de Haan and loses puck.
1:02 of 1st period - Shot by Jordan Eberle.
1:02 of 1st period - Shot Misses the Net.
1:46 of 1st period - Shot by Jordan Kyrou.
1:46 of 1st period - Shot Blocked by J.T. Compher.
2:00 of 1st period - Shot by Steven Stamkos.
2:00 of 1st period - Shot Blocked by Nikita Zadorov.
2:08 of 1st period - Shot by Alex DeBrincat.
2:08 of 1st period - Stopped by Ilya Sorokin without a rebound.
2:09 of 1st period - Colton Sissons wins face-off versus Sebastian Aho in Predators zone.
3:11 of 1st period - Icing by Thomas Chabot.
3:12 of 1st period - Jordan Staal wins face-off versus Colton Sissons in Predators zone.
3:12 of 1st period - Jordan Staal is hit by Darnell Nurse.
3:24 of 1st period - Shot by Jordan Eberle.
3:24 of 1st period - Shot Blocked by Ryan McLeod.
3:26 of 1st period - Shot by Jordan Staal.
3:26 of 1st period - Shot Misses the Net.
3:28 of 1st period - Shot by Jordan Staal.
3:28 of 1st period - Shot Misses the Net.
4:30 of 1st period - Shot by J.T. Miller.
4:30 of 1st period - Goal by J.T. Miller - Predators : 1 - Flames : 1.
4:31 of 1st period - Sebastian Aho wins face-off versus Tage Thompson in neutral zone.
4:40 of 1st period - Shot by Jared Spurgeon.
4:40 of 1st period - Stopped by Ilya Sorokin without a rebound.
4:41 of 1st period - Tage Thompson wins face-off versus Sebastian Aho in Predators zone.
5:07 of 1st period - Off-side.
5:08 of 1st period - J.T. Miller wins face-off versus Jordan Kyrou in neutral zone.
5:21 of 1st period - Shot by Jordan Kyrou.
5:21 of 1st period - Shot Misses the Net.
5:36 of 1st period - Shot by Steven Stamkos.
5:36 of 1st period - Goal by Steven Stamkos - Predators : 1 - Flames : 2.
5:37 of 1st period - Sebastian Aho wins face-off versus Tage Thompson in neutral zone.
6:11 of 1st period - Shot by Tage Thompson.
6:11 of 1st period - Stopped by Antti Raanta without a rebound.
6:12 of 1st period - Jordan Kyrou wins face-off versus J.T. Compher in Flames zone.
6:12 of 1st period - Jordan Kyrou is hit by Bo Horvat.
6:17 of 1st period - Jordan Kyrou is hit by Brandon Carlo and loses puck.
6:24 of 1st period - Shot by Alex DeBrincat.
6:24 of 1st period - Shot Misses the Net.
6:28 of 1st period - Shot by Jordan Kyrou.
6:28 of 1st period - Shot Misses the Net.
6:29 of 1st period - Minor Penalty to Roman Josi for Hooking.
6:30 of 1st period - Steven Stamkos wins face-off versus Colton Sissons in Predators zone.
7:06 of 1st period - Josh Morrissey is hit by Jake McCabe and loses puck.
7:44 of 1st period - Shot by Adam Larsson.
7:44 of 1st period - Stopped by Ilya Sorokin with a rebound.
7:46 of 1st period - Shot by Alex Ovechkin.
7:46 of 1st period - Stopped by Ilya Sorokin with a rebound.
7:48 of 1st period - Shot by Adam Larsson.
7:48 of 1st period - Shot Misses the Net.
7:50 of 1st period - Shot by Sebastian Aho.
7:50 of 1st period - Deflect By Alex Ovechkin.
7:50 of 1st period - Stopped by Ilya Sorokin with a rebound.
7:52 of 1st period - Shot by John Tavares.
7:52 of 1st period - Goal by John Tavares - Predators : 1 - Flames : 3.
7:53 of 1st period - Tage Thompson wins face-off versus Jordan Staal in neutral zone.
8:10 of 1st period - Shot by Tage Thompson.
8:10 of 1st period - Shot Misses the Net.
8:18 of 1st period - Shot by Jordan Staal.
8:18 of 1st period - Stopped by Ilya Sorokin without a rebound.
8:19 of 1st period - Bo Horvat wins face-off versus Steven Stamkos in Predators zone.
9:06 of 1st period - Off-side.
9:07 of 1st period - J.T. Miller wins face-off versus Jordan Eberle in neutral zone.
9:07 of 1st period - Kyle Connor is hit by Jordan Staal and loses puck.
9:16 of 1st period - Shot by Jordan Staal.
9:16 of 1st period - Shot Misses the Net.
9:51 of 1st period - Shot by Jordan Eberle.
9:51 of 1st period - Shot Misses the Net.
10:34 of 1st period - Alex Tuch is hit by Erik Gudbranson and loses puck.
10:43 of 1st period - Shot by Alex Tuch.
10:43 of 1st period - Shot Blocked by Erik Gudbranson.
10:45 of 1st period - Shot by Jake McCabe.
10:45 of 1st period - Shot Misses the Net.
10:47 of 1st period - Shot by Nikita Zadorov.
10:47 of 1st period - Stopped by Antti Raanta without a rebound.
10:48 of 1st period - Bo Horvat wins face-off versus Sebastian Aho in Flames zone.
11:11 of 1st period - Shot by Sebastian Aho.
11:11 of 1st period - Shot Misses the Net.
11:15 of 1st period - Shot by Alex Ovechkin.
11:15 of 1st period - Stopped by Ilya Sorokin with a rebound.
11:17 of 1st period - Shot by John Tavares.
11:17 of 1st period - Stopped by Ilya Sorokin without a rebound.
11:18 of 1st period - Jordan Staal wins face-off versus Colton Sissons in Predators zone.
11:24 of 1st period - Off-side.
11:25 of 1st period - Jordan Staal wins face-off versus Tage Thompson in neutral zone.
11:41 of 1st period - Minor Penalty to Adam Larsson for Hooking.
11:42 of 1st period - Bo Horvat wins face-off versus Jordan Staal in Flames zone.
11:51 of 1st period - Shot by Lucas Raymond.
11:51 of 1st period - Shot Misses the Net.
11:53 of 1st period - Shot by Roman Josi.
11:53 of 1st period - Stopped by Antti Raanta without a rebound.
11:54 of 1st period - Jordan Staal wins face-off versus J.T. Miller in Flames zone.
12:17 of 1st period - Shot by J.T. Miller.
12:17 of 1st period - Stopped by Antti Raanta with a rebound.
13:04 of 1st period - Shot by Roman Josi.
13:04 of 1st period - Stopped by Antti Raanta without a rebound.
13:05 of 1st period - Bo Horvat wins face-off versus Jordan Staal in Flames zone.
13:08 of 1st period - Shot by Kyle Connor.
13:08 of 1st period - Shot Misses the Net.
13:10 of 1st period - Shot by Bo Horvat.
13:10 of 1st period - Stopped by Antti Raanta without a rebound.
13:11 of 1st period - Jordan Staal wins face-off versus Bo Horvat in Flames zone.
13:11 of 1st period - Jordan Staal is hit by Bo Horvat.
13:23 of 1st period - Shot by Thomas Chabot.
13:23 of 1st period - Shot Misses the Net.
13:35 of 1st period - Shot by Roman Josi.
13:35 of 1st period - Stopped by Antti Raanta without a rebound.
13:36 of 1st period - J.T. Miller wins face-off versus Jordan Staal in Flames zone.
13:37 of 1st period - Shot by Darnell Nurse.
13:37 of 1st period - Stopped by Antti Raanta with a rebound.
13:39 of 1st period - Shot by Darnell Nurse.
13:39 of 1st period - Shot Misses the Net.
13:41 of 1st period - Shot by Alex Tuch.
13:41 of 1st period - Shot Misses the Net.
13:51 of 1st period - Shot by Sebastian Aho.
13:51 of 1st period - Stopped by Ilya Sorokin with a rebound.
13:53 of 1st period - Shot by Adam Larsson.
13:53 of 1st period - Shot Misses the Net.
13:55 of 1st period - Shot by Adam Larsson.
13:55 of 1st period - Stopped by Ilya Sorokin with a rebound.
14:13 of 1st period - Shot by Sebastian Aho.
14:13 of 1st period - Stopped by Ilya Sorokin with a rebound.
14:23 of 1st period - Shot by Sebastian Aho.
14:23 of 1st period - Stopped by Ilya Sorokin without a rebound.
14:24 of 1st period - J.T. Miller wins face-off versus Jordan Kyrou in Predators zone.
14:51 of 1st period - Shot by J.T. Miller.
14:51 of 1st period - Shot Blocked by Josh Morrissey.
14:56 of 1st period - Off-side.
14:57 of 1st period - Jordan Staal wins face-off versus Tage Thompson in neutral zone.
14:57 of 1st period - Jordan Staal is hit by Lucas Raymond.
15:18 of 1st period - Shot by Jordan Eberle.
15:18 of 1st period - Stopped by Ilya Sorokin without a rebound.
15:19 of 1st period - Sebastian Aho wins face-off versus Bo Horvat in Predators zone.
15:32 of 1st period - Icing by Thomas Chabot.
15:33 of 1st period - Bo Horvat wins face-off versus Jordan Kyrou in Predators zone.
15:52 of 1st period - Thomas Chabot is hit by Steven Stamkos and loses puck.
16:41 of 1st period - Off-side.
16:42 of 1st period - Sebastian Aho wins face-off versus J.T. Miller in neutral zone.
16:42 of 1st period - Sebastian Aho is hit by J.T. Miller.
16:50 of 1st period - J.T. Miller is hit by Adam Larsson and loses puck.
18:20 of 1st period - Alex Tuch is hit by Jordan Staal and loses puck.
19:09 of 1st period - Shot by J.T. Compher.
19:09 of 1st period - Goal by J.T. Compher - Predators : 2 - Flames : 3.
19:10 of 1st period - Jordan Kyrou wins face-off versus J.T. Miller in neutral zone.
19:10 of 1st period - Jordan Kyrou is hit by J.T. Miller.
19:59 of 1st period - Jordan Kyrou is hit by Jake McCabe and loses puck.
Goals for this period are 2 for Predators vs 3 for Flames.
Shots for this period are 10 for Predators vs 16 for Flames.

2nd period


0:01 of 2nd period - Sebastian Aho wins face-off versus Tage Thompson in neutral zone.
0:09 of 2nd period - Icing by Roman Josi.
0:10 of 2nd period - Tage Thompson wins face-off versus Jordan Kyrou in Predators zone.
0:31 of 2nd period - Jordan Kyrou is hit by Alex Tuch and loses puck.
0:50 of 2nd period - Alex Tuch is hit by Alex DeBrincat and loses puck.
2:05 of 2nd period - Esa Lindell is hit by Nikita Zadorov and loses puck.
2:13 of 2nd period - Icing by Jake McCabe.
2:14 of 2nd period - Bo Horvat wins face-off versus Sebastian Aho in Predators zone.
2:14 of 2nd period - Bo Horvat is hit by Sebastian Aho.
2:38 of 2nd period - Sebastian Aho is hit by Jake McCabe and loses puck.
3:11 of 2nd period - Shot by Jordan Eberle.
3:11 of 2nd period - Stopped by Ilya Sorokin without a rebound.
3:12 of 2nd period - Jordan Eberle wins face-off versus J.T. Miller in Predators zone.
3:44 of 2nd period - Shot by Kyle Connor.
3:44 of 2nd period - Stopped by Antti Raanta without a rebound.
3:45 of 2nd period - Sebastian Aho wins face-off versus Tage Thompson in Flames zone.
4:40 of 2nd period - Shot by J.T. Compher.
4:40 of 2nd period - Deflect By Bo Horvat.
4:40 of 2nd period - Shot Misses the Net.
6:43 of 2nd period - Shot by Alex DeBrincat.
6:43 of 2nd period - Stopped by Ilya Sorokin without a rebound.
6:44 of 2nd period - Jordan Kyrou wins face-off versus Tage Thompson in Predators zone.
6:51 of 2nd period - Shot by Steven Stamkos.
6:51 of 2nd period - Deflect By Jordan Kyrou.
6:51 of 2nd period - Stopped by Ilya Sorokin without a rebound.
6:52 of 2nd period - Tage Thompson wins face-off versus Jordan Kyrou in Predators zone.
6:52 of 2nd period - Tage Thompson is hit by Alex DeBrincat.
7:27 of 2nd period - Lucas Raymond is hit by Adam Larsson and loses puck.
7:33 of 2nd period - Minor Penalty to Adam Larsson for Tripping.
7:34 of 2nd period - Bo Horvat wins face-off versus Jordan Staal in Flames zone.
7:35 of 2nd period - Shot by Kyle Connor.
7:35 of 2nd period - Shot Misses the Net.
7:37 of 2nd period - Shot by Thomas Chabot.
7:37 of 2nd period - Shot Blocked by Josh Morrissey.
7:39 of 2nd period - Shot by Roman Josi.
7:39 of 2nd period - Shot Misses the Net.
7:41 of 2nd period - Shot by Thomas Chabot.
7:41 of 2nd period - Shot Misses the Net.
8:27 of 2nd period - Shot by J.T. Miller.
8:27 of 2nd period - Shot Blocked by Josh Morrissey.
8:29 of 2nd period - Shot by J.T. Miller.
8:29 of 2nd period - Stopped by Antti Raanta with a rebound.
8:31 of 2nd period - Shot by Alex Tuch.
8:31 of 2nd period - Shot Misses the Net.
8:33 of 2nd period - Shot by Brandon Carlo.
8:33 of 2nd period - Stopped by Antti Raanta with a rebound.
8:48 of 2nd period - Icing by Alex Tuch.
8:49 of 2nd period - Sean Kuraly wins face-off versus J.T. Miller in Predators zone.
9:11 of 2nd period - Sean Kuraly is hit by Bo Horvat and loses puck.
9:37 of 2nd period - Cal Clutterbuck is hit by Adam Larsson and loses puck.
9:41 of 2nd period - Minor Penalty to Cal Clutterbuck for Hooking.
9:42 of 2nd period - Colton Sissons wins face-off versus Sebastian Aho in Predators zone.
10:05 of 2nd period - Shot by Adam Larsson.
10:05 of 2nd period - Shot Blocked by Nikita Zadorov.
10:49 of 2nd period - Shot by Steven Stamkos.
10:49 of 2nd period - Goal by Steven Stamkos - Predators : 2 - Flames : 4.
10:50 of 2nd period - Jordan Staal wins face-off versus J.T. Miller in neutral zone.
10:54 of 2nd period - Icing by Darnell Nurse.
10:55 of 2nd period - Gabriel Vilardi wins face-off versus Jordan Staal in Predators zone.
11:57 of 2nd period - Shot by Tage Thompson.
11:57 of 2nd period - Stopped by Antti Raanta with a rebound.
11:59 of 2nd period - Shot by Alex Tuch.
11:59 of 2nd period - Shot Misses the Net.
12:53 of 2nd period - Off-side.
12:54 of 2nd period - Colton Sissons wins face-off versus Jordan Kyrou in neutral zone.
13:11 of 2nd period - Shot by Cal Clutterbuck.
13:11 of 2nd period - Stopped by Antti Raanta without a rebound.
13:12 of 2nd period - Sebastian Aho wins face-off versus Bo Horvat in Flames zone.
14:27 of 2nd period - Shot by Jordan Kyrou.
14:27 of 2nd period - Stopped by Ilya Sorokin without a rebound.
14:28 of 2nd period - Jordan Staal wins face-off versus J.T. Miller in Predators zone.
14:35 of 2nd period - Shot by Jordan Eberle.
14:35 of 2nd period - Shot Blocked by Brandon Carlo.
14:43 of 2nd period - Shot by J.T. Miller.
14:43 of 2nd period - Shot Blocked by Jared Spurgeon.
14:45 of 2nd period - Shot by Kyle Connor.
14:45 of 2nd period - Shot Misses the Net.
14:49 of 2nd period - Shot by Roman Josi.
14:49 of 2nd period - Stopped by Antti Raanta without a rebound.
14:50 of 2nd period - Tage Thompson wins face-off versus Jordan Kyrou in Flames zone.
14:50 of 2nd period - Darnell Nurse is hit by Calvin de Haan and loses puck.
14:54 of 2nd period - Minor Penalty to Calvin de Haan for Hooking.
14:55 of 2nd period - Jordan Staal wins face-off versus Bo Horvat in Flames zone.
17:05 of 2nd period - Off-side.
17:06 of 2nd period - Colton Sissons wins face-off versus Jordan Kyrou in neutral zone.
17:11 of 2nd period - Shot by Jake McCabe.
17:11 of 2nd period - Stopped by Antti Raanta without a rebound.
17:12 of 2nd period - Colton Sissons wins face-off versus Sebastian Aho in Flames zone.
17:22 of 2nd period - Josh Morrissey is hit by Jake McCabe and loses puck.
18:02 of 2nd period - Icing by Calvin de Haan.
18:03 of 2nd period - Sebastian Aho wins face-off versus Tage Thompson in Flames zone.
18:23 of 2nd period - Icing by Alex DeBrincat.
18:24 of 2nd period - Jordan Kyrou wins face-off versus J.T. Miller in Flames zone.
18:57 of 2nd period - Shot by Kyle Connor.
18:57 of 2nd period - Shot Misses the Net.
19:03 of 2nd period - Shot by Kyle Connor.
19:03 of 2nd period - Stopped by Antti Raanta without a rebound.
19:04 of 2nd period - Jordan Staal wins face-off versus Tage Thompson in Flames zone.
19:19 of 2nd period - Shot by Alex Tuch.
19:19 of 2nd period - Shot Blocked by Jordan Staal.
19:25 of 2nd period - Shot by Tage Thompson.
19:25 of 2nd period - Goal by Tage Thompson - Predators : 3 - Flames : 4.
19:26 of 2nd period - Sebastian Aho wins face-off versus Bo Horvat in neutral zone.
19:38 of 2nd period - Icing by Nikita Zadorov.
19:39 of 2nd period - Jordan Kyrou wins face-off versus Bo Horvat in Predators zone.
19:56 of 2nd period - Shot by J.T. Compher.
19:56 of 2nd period - Shot Blocked by Esa Lindell.
Goals for this period are 1 for Predators vs 1 for Flames.
Shots for this period are 9 for Predators vs 5 for Flames.

3rd period


0:01 of 3rd period - Tage Thompson wins face-off versus Sebastian Aho in neutral zone.
0:13 of 3rd period - Icing by Jared Spurgeon.
0:14 of 3rd period - Sebastian Aho wins face-off versus J.T. Miller in Flames zone.
0:19 of 3rd period - Roman Josi is hit by Alex Ovechkin and loses puck.
0:23 of 3rd period - Icing by Roman Josi.
0:24 of 3rd period - Jordan Kyrou wins face-off versus J.T. Miller in Predators zone.
0:36 of 3rd period - Icing by Roman Josi.
0:37 of 3rd period - J.T. Miller wins face-off versus Sebastian Aho in Predators zone.
1:43 of 3rd period - Minor Penalty to Erik Gudbranson for Tripping.
1:44 of 3rd period - Jordan Staal wins face-off versus Bo Horvat in Flames zone.
4:05 of 3rd period - Off-side.
4:06 of 3rd period - Sebastian Aho wins face-off versus Bo Horvat in neutral zone.
4:11 of 3rd period - Erik Gudbranson is hit by Bo Horvat.
4:15 of 3rd period - Shot by Bo Horvat.
4:15 of 3rd period - Stopped by Antti Raanta with a rebound.
4:17 of 3rd period - Shot by Bo Horvat.
4:17 of 3rd period - Stopped by Antti Raanta without a rebound.
4:18 of 3rd period - Ryan McLeod wins face-off versus Jordan Kyrou in Flames zone.
4:46 of 3rd period - Shot by Steven Stamkos.
4:46 of 3rd period - Stopped by Ilya Sorokin without a rebound.
4:47 of 3rd period - Tage Thompson wins face-off versus Sebastian Aho in Predators zone.
5:47 of 3rd period - Shot by J.T. Compher.
5:47 of 3rd period - Shot Blocked by Sebastian Aho.
6:17 of 3rd period - J.T. Compher is hit by Adam Larsson and loses puck.
6:37 of 3rd period - Steven Stamkos is hit by Darnell Nurse and loses puck.
7:06 of 3rd period - Off-side.
7:07 of 3rd period - Jordan Staal wins face-off versus Tage Thompson in neutral zone.
7:24 of 3rd period - Jared Spurgeon is hit by Tage Thompson and loses puck.
7:37 of 3rd period - Shot by Jordan Staal.
7:37 of 3rd period - Stopped by Ilya Sorokin without a rebound.
7:38 of 3rd period - Sebastian Aho wins face-off versus Taylor Hall in Predators zone.
7:39 of 3rd period - Shot by John Tavares.
7:39 of 3rd period - Stopped by Ilya Sorokin without a rebound.
7:40 of 3rd period - Sebastian Aho wins face-off versus Bo Horvat in Predators zone.
7:45 of 3rd period - Shot by John Tavares.
7:45 of 3rd period - Shot Blocked by Thomas Chabot.
7:59 of 3rd period - Shot by Sebastian Aho.
7:59 of 3rd period - Shot Blocked by Darnell Nurse.
8:31 of 3rd period - John Tavares is hit by Taylor Hall and loses puck.
9:33 of 3rd period - Steven Stamkos is hit by Brandon Carlo and loses puck.
10:00 of 3rd period - Off-side.
10:01 of 3rd period - Jordan Staal wins face-off versus Colton Sissons in neutral zone.
10:23 of 3rd period - Shot by Jordan Staal.
10:23 of 3rd period - Shot Misses the Net.
10:50 of 3rd period - Icing by Esa Lindell.
10:51 of 3rd period - Jordan Staal wins face-off versus J.T. Miller in Flames zone.
10:51 of 3rd period - Jordan Staal is hit by J.T. Miller.
10:54 of 3rd period - Icing by Adam Larsson.
10:55 of 3rd period - Jordan Staal wins face-off versus J.T. Miller in Flames zone.
10:55 of 3rd period - Jordan Staal is hit by J.T. Miller.
11:03 of 3rd period - Shot by J.T. Miller.
11:03 of 3rd period - Stopped by Antti Raanta without a rebound.
11:04 of 3rd period - Gabriel Vilardi wins face-off versus Jordan Kyrou in Flames zone.
11:55 of 3rd period - J.T. Miller is hit by Steven Stamkos and loses puck.
13:41 of 3rd period - Shot by Jordan Staal.
13:41 of 3rd period - Deflect By Jakub Vrana.
13:41 of 3rd period - Shot Misses the Net.
14:15 of 3rd period - Shot by Steven Stamkos.
14:15 of 3rd period - Stopped by Ilya Sorokin without a rebound.
14:16 of 3rd period - J.T. Miller wins face-off versus Jordan Kyrou in Predators zone.
14:18 of 3rd period - Icing by Kyle Connor.
14:19 of 3rd period - J.T. Miller wins face-off versus Alex DeBrincat in Predators zone.
14:48 of 3rd period - Shot by Jordan Kyrou.
14:48 of 3rd period - Shot Misses the Net.
15:53 of 3rd period - Esa Lindell is hit by J.T. Compher.
15:54 of 3rd period - Icing by Esa Lindell.
15:55 of 3rd period - Colton Sissons wins face-off versus Jordan Staal in Flames zone.
16:32 of 3rd period - Shot by Sebastian Aho.
16:32 of 3rd period - Stopped by Ilya Sorokin without a rebound.
16:33 of 3rd period - Bo Horvat wins face-off versus Jordan Kyrou in Predators zone.
17:31 of 3rd period - Alex Ovechkin is hit by Taylor Hall and loses puck.
17:46 of 3rd period - Shot by Sebastian Aho.
17:46 of 3rd period - Goal by Sebastian Aho - Predators : 3 - Flames : 5.
17:47 of 3rd period - Jordan Staal wins face-off versus J.T. Miller in neutral zone.
18:52 of 3rd period - Shot by Tage Thompson.
18:52 of 3rd period - Shot Misses the Net.
18:54 of 3rd period - Shot by Alex Tuch.
18:54 of 3rd period - Stopped by Antti Raanta without a rebound.
18:55 of 3rd period - Colton Sissons wins face-off versus Sebastian Aho in Flames zone.
19:27 of 3rd period - Icing by Alex Ovechkin.
19:28 of 3rd period - John Tavares wins face-off versus Bo Horvat in Flames zone.
19:28 of 3rd period - Josh Morrissey is hit by Taylor Hall.
19:57 of 3rd period - Icing by Josh Morrissey.
19:58 of 3rd period - Sebastian Aho wins face-off versus Tage Thompson in Flames zone.
Goals for this period are 0 for Predators vs 1 for Flames.
Shots for this period are 4 for Predators vs 6 for Flames.